 Dungeon Crawl Stone Soup version 0.29.1-12-g30fa7ad0bf (webtiles) character file.

Game seed: 15989540260736733592

142 nachturnus the Slasher (level 5, -17/42 HPs)
             Began as a Demonspawn Fighter on Dec 30, 2022.
             Killed from afar by Sigmund (24 damage)
             ... with a bolt of light
             ... on level 4 of the Dungeon.
             The game lasted 00:09:25 (3260 turns).

nachturnus the Slasher (Demonspawn Fighter)         Turns: 3260, Time: 00:09:26

Health: -17/42     AC:  7    Str: 19    XL:     5   Next: 3%
Magic:  5/5        EV:  9    Int:  9    God:
Gold:   186        SH:  0    Dex: 12    Spells: 4/4 levels left

rFire   . . .      SeeInvis .   f - +0 mace (protect)
rCold   . . .      Faith    .   c - +0 buckler
rNeg    . . .      Spirit   .   b - +0 scale mail
rPois   .          Reflect  .   (no helmet)
rElec   .          Harm     .   (no cloak)
rCorr   .          Rampage  .   (no gloves)
Will    .....                   (no boots)
Stlth   ..........              (no amulet)
HPRegen 0.14/turn               (no ring)
MPRegen 0.09/turn               (no ring)

@: confused
A: rugged brown scales 1
a: no special abilities


You were on level 4 of the Dungeon.
You visited 1 branch of the dungeon, and saw 4 of its levels.

You collected 186 gold pieces.

Inventory:

Hand Weapons
 a - a +0 long sword
 f - a +0 mace of protection (weapon)
Armour
 b - a +0 scale mail (worn)
 c - a +0 buckler (worn)
 k - an orb of light
Scrolls
 e - a scroll of brand weapon {unknown}
 g - 3 scrolls of vulnerability {unknown}
 i - a scroll of fear
 l - a scroll of blinking {unknown}
 m - a scroll of acquirement {unknown}
 o - a scroll of identify
 p - a scroll of summoning {unknown}
Potions
 d - 2 potions of might
 h - a potion of curing
 j - a potion of haste
 n - a potion of flight {unknown}


   Skills:
 - Level 3.0 Fighting
 - Level 4.4 Long Blades
 + Level 1.3 Maces & Flails
 - Level 2.6 Armour
 - Level 2.6 Shields


You had 4 spell levels left.
You didn't know any spells.
Your spell library contained the following spells:

 Spells                   Type           Power      Damage    Failure   Level
 Ignite Poison            Fire/Tmut/Pois 0%         N/A       99%         3
 Mephitic Cloud           Conj/Pois/Air  0%         N/A       99%         3
 Freezing Cloud           Conj/Ice/Air   0%         6-21      100%        5


Dungeon Overview and Level Annotations

Branches:
Dungeon (4/15)
 Temple: D:4-7

Altars:
Wu Jian

Annotations:
D:4 Sigmund


Innate Abilities, Weirdness & Mutations

You are partially covered in rugged brown scales. (AC +1, +3% HP)


Message History

Things that are here:
a +0 short sword; a kobold skeleton You see here a +0 dagger.
Done exploring.
Done exploring.
Unknown command.
You see here a +0 dagger.
There is a stone staircase leading down here.
You climb downwards.
There is a stone staircase leading up here.
Found a dagger.
There is a stone staircase leading up here.
Sigmund the Dreaded comes into view.
He is wielding a +2 scythe of protection and carrying a wand of light (11).
Sigmund zaps a wand.
The bolt of light hits you!!
You are confused.
Sigmund zaps a wand.
The bolt of light misses you. Sigmund barely misses you.
You feel less confused. You block Sigmund's attack.
Sigmund attacks as you move away!
Sigmund hits you with a +2 scythe of protection!
Sigmund hits you with a +2 scythe of protection.
Sigmund hits you with a +2 scythe of protection.
* * * LOW HITPOINT WARNING * * *
You sock Sigmund!
Your weapon exudes an aura of protection.
Sigmund is moderately wounded.
Sigmund hits you but does no damage.
You barely miss Sigmund.
Sigmund is moderately wounded.
You closely miss Sigmund.
Sigmund is moderately wounded.
Sigmund hits you with a +2 scythe of protection.
* * * LOW HITPOINT WARNING * * *
You closely miss Sigmund.
Sigmund is moderately wounded.
Sigmund zaps a wand.
The bolt of light hits you!!
You are confused.
Ouch! That really hurt!
You die...

#<# ##.# #
#..# #. #.##
#. #.#
#.####.#
#####....#.#
.........#.#
#####.#@@#.#
#.#..#.#
####.#..#.#
..........#
.###.#..###
#.#..# #
#..# #..#
#..#


You could see Sigmund.

Vanquished Creatures
  Robin (D:2)
  A gnoll (D:1)
  3 adders
  A worm (D:3)
  A dart slug (D:3)
  5 bats
  2 endoplasms
  11 giant cockroaches
  19 goblins
  3 hobgoblins
  3 jackals (D:1)
  10 kobolds
  2 quokkas
  7 ball pythons
  3 frilled lizards
  9 rats
81 creatures vanquished.

Notes
Turn   | Place    | Note
-------+----------+-------------------------------------------
     0 | D:1      | nachturnus the Demonspawn Fighter began the quest for the
                  | Orb.
     0 | D:1      | Reached XP level 1. HP: 18/18 MP: 1/1
    82 | D:1      | Reached skill level 2 in Long Blades
   224 | D:1      | Gained mutation: You are partially covered in rugged brown
                  | scales. (AC +1, +3% HP) [demonic ancestry]
   224 | D:1      | Reached XP level 2. HP: 18/24 MP: 2/2
   462 | D:1      | Reached skill level 3 in Long Blades
   703 | D:1      | Reached XP level 3. HP: 25/29 MP: 3/3
  1207 | D:2      | Noticed Robin
  1216 | D:2      | Killed Robin
  1253 | D:2      | Reached skill level 4 in Long Blades
  1253 | D:2      | Reached XP level 4. HP: 18/36 MP: 4/4
  2521 | D:3      | Reached skill level 1 in Maces & Flails
  2723 | D:3      | Found an ornate altar of the Wu Jian Council.
  2849 | D:3      | Reached XP level 5. HP: 42/42 MP: 5/5
  3248 | D:4      | Noticed Sigmund
  3260 | D:4      | Killed from afar by Sigmund

Illustrated notes

Levels and vault maps discovered:
D:1:      pf_arrival_petrified_forest, layout_rooms
D:2:      minmay_roachtagon, layout_loops_ring, uniq_robin
D:3:      layout_basic, nicolae_wu_jian_immortal_techniques, serial_curves,
          eino_curves_04, eino_curves_02, minmay_ruptured
D:4:      layout_loops_ring, minmay_temple_entry_grid, uniq_sigmund

Skill      XL: |  1  2  3  4 |
---------------+-------------+-----
Long Blades    | 2 3 4 |  4.4
Maces & Flails | 1 |  1.3
Fighting       | |  3.0
Armour         | |  2.6
Shields        | |  2.6

Action                   |  1- 3 |  4- 6 || total
-------------------------+-------+-------++-------
Melee: Long sword        |   139 |    65 ||   204
       Mace              |       |    68 ||    68
  Use: Scroll            |       |     3 ||     3
Armor: Scale mail        |    72 |    76 ||   148
Dodge: Dodged            |    73 |    93 ||   166
Block: Buckler           |    44 |    33 ||    77
